 Dungeon Crawl Stone Soup version 0.19.0-22-gd96e5fe (webtiles) character file.

97 smedtjen the Firebug (level 4, 0/33 HPs)
             Began as a Demigod Fire Elementalist on Nov 19, 2016.
             Slain by a gnoll
             ... wielding a +0 spear
              (9 damage)
             ... on level 2 of the Dungeon.
             The game lasted 00:08:41 (2575 turns).

smedtjen the Firebug (Demigod Fire Elementalist)    Turns: 2575, Time: 00:08:42

Health: 0/33       AC:  3    Str: 11    XL:     4   Next: 19%
Magic:  1/10       EV: 13    Int: 21    God:
Gold:   131        SH:  0    Dex: 16    Spells: 2 memorised, 4 levels left

rFire  . . .     SeeInvis .     v - +0 dagger
rCold  . . .     Gourm    .     a - +0 robe
rNeg   . . .     Faith    .     (no shield)
rPois  .         Spirit   .     (no helmet)
rElec  .         Reflect  .     (no cloak)
rCorr  .         Harm     .     (no gloves)
MR     .....                    r - +0 pair of boots
Stlth  ++........               (no amulet)
                                (no ring)
                                (no ring)

@: about to teleport, very slightly contaminated
A: high mp 1
a: no special abilities


You were on level 2 of the Dungeon.
You were not hungry.

You visited 1 branch of the dungeon, and saw 2 of its levels.

You collected 131 gold pieces.

Inventory:

Hand Weapons
 f - a +1 dagger of venom
 g - a +0 club
 l - a +0 hand axe
 p - a +0 hunting sling
 v - a +0 dagger (weapon)
Missiles
 o - 7 bolts
 w - 20 stones (quivered)
 x - 11 arrows
Armour
 a - a +0 robe (worn)
 r - a +0 pair of boots (worn)
Scrolls
 d - a scroll of immolation {unknown}
Potions
 e - a potion of might {unknown}
 i - a potion of lignification {unknown}
 j - a potion of resistance {unknown}
 m - a potion of agility {unknown}
 n - 3 potions of degeneration {unknown}
 u - a potion of invisibility {unknown}
Books
 b - a book of Flames

   Spells                             Type                      Level
   a - Flame Tongue                   Conjuration/Fire             1
   b - Throw Flame                    Conjuration/Fire             2
   c - Conjure Flame                  Conjuration/Fire             3
   d - Inner Flame                    Hexes/Fire                   3
   e - Sticky Flame                   Conjuration/Fire             4
   f - Fireball                       Conjuration/Fire             5
Comestibles
 h - a bread ration
 s - a beef jerky


   Skills:
 + Level 2.3 Dodging
 + Level 2.1 Stealth
 + Level 2.2 Spellcasting
 + Level 2.0 Conjurations
 + Level 3.5 Fire Magic


You had 4 spell levels left.
You knew the following spells:

 Your Spells              Type           Power        Failure   Level  Hunger
a - Flame Tongue          Conj/Fire      ##...        6%          1    #......
b - Throw Flame           Conj/Fire      ##....       10%         2    ##.....


Dungeon Overview and Level Annotations

Branches:
Dungeon (2/15)


Innate Abilities, Weirdness & Mutations

You have an increased reservoir of magic. (+10% MP)


Message History

A gnoll comes into view. It is wielding a club.
The gnoll hits you from afar with a spear.
* * * LOW HITPOINT WARNING * * *
The gnoll misses you.
Casting: Flame Tongue
Confirm with . or Enter, or press ? or * to list all spells.
You don't have enough magic to cast that spell.
Unknown command.
As you read the scroll labeled GAOLOL BAESTRE, it crumbles to dust.
You hear a loud clanging noise!
It was a scroll of noise.
You hear a shout! x3
The gnoll hits you but does no damage.
As you read the scroll labeled HUATEFFOG KEXI, it crumbles to dust.
You feel aware of your surroundings.
It was a scroll of magic mapping.
The gnoll barely misses you.
As you read the scroll labeled OSTRURU VEL KUO, it crumbles to dust.
You feel strangely unstable.
It was a scroll of teleportation.
The gnoll hits you from afar with a spear!
You die...

*#+#* #.g###...##.#.#,* ##...##
#....#..,.....,,* ##.....##
###.#.#.#,,....##* ##.......##
##.#g#.#.#**#.##.##
#.........####........####.#...##
+.........+...............รท......
#.........####..g##.###.##.#...##
*#.......#* ##..##.# #.##....##
*#.....#* ##@##.# #.####.##
##...## #....# #.# #.# ##'##
#>.### #.# #.# #.# #..# #.# #.#
#.# #..#####.# #.# ##.##
#).......# #.# ##...## ##.#######
#.#### ###.....# #######<# #.....
..##...####.......# ######


You could see 2 gnolls.

Vanquished Creatures
  5 adders (D:2)
  A gnoll (D:2)
  A dart slug (D:1)
  A leopard gecko (D:2)
  2 giant cockroaches (D:1)
  9 goblins
  4 hobgoblins
  3 kobolds
  A quokka (D:2)
  7 bats
  A frilled lizard (D:2)
  6 rats
41 creatures vanquished.

Notes
Turn   | Place    | Note
-------+----------+-------------------------------------------
     0 | D:1      | smedtjen the Demigod Fire Elementalist began the quest for the Orb.
     0 | D:1      | Reached XP level 1. HP: 14/14 MP: 5/5
   371 | D:1      | Reached skill level 1 in Conjurations
   461 | D:1      | Reached XP level 2. HP: 20/20 MP: 4/7
   465 | D:1      | Learned a level 2 spell: Throw Flame
  1107 | D:2      | Reached skill level 3 in Fire Magic
  1235 | D:2      | Reached XP level 3. HP: 26/26 MP: 4/8
  2153 | D:2      | Reached XP level 4. HP: 14/33 MP: 1/10
  2575 | D:2      | Slain by a gnoll

Skill      XL: |  1  2  3  4 |
---------------+-------------+-----
Conjurations   | 1 2 |  2.0
Spellcasting   | 2 |  2.2
Dodging        | 2 |  2.3
Fire Magic     | 3 |  3.5
Stealth        | 2 |  2.1

Action                   |  1- 3 |  4- 6 || total
-------------------------+-------+-------++-------
Melee: Club              |     3 |       ||     3
       Dagger            |    12 |     3 ||    15
 Cast: Flame Tongue      |    58 |     5 ||    63
       Throw Flame       |    10 |     4 ||    14
  Use: Scroll            |     1 |     3 ||     4
  Eat: Bread ration      |     1 |       ||     1
       Meat ration       |       |     1 ||     1
       Chunk             |       |     1 ||     1
Armor: Robe              |     9 |       ||     9
Dodge: Dodged            |    39 |     7 ||    46
